 Dungeon Sprint DCSS version 0.29.1-14-g9c671dbff4 (webtiles) character file.

Game seed: 17309317377923823353

227000000 Jod the Axe Maniac (level 23, -52/219 HPs)
             Began as a Formicid Fighter on Feb 12, 2023.
             Was the Champion of Makhleb.
             Annihilated by a vile
             ... wielding a +0 mace
              (122 damage)
             ... in the Dungeon (Sprint VIII: "Arena of Blood").
             The game lasted 00:07:14 (2270 turns).

Jod the Axe Maniac (Formicid Fighter)               Turns: 2270, Time: 00:07:15

Health: -52/219    AC: 13    Str: 24    XL:     23   Next: 93%
Magic:  41/41      EV: 22    Int: 16    God:    Makhleb [******]
Gold:   0          SH: 11    Dex: 13    Spells: 50/50 levels left

rFire   . . .      SeeInvis +   g - +∞ Axe of Woe
rCold   . . .      Faith    .   b - +0 buckler
rNeg    . . .      Spirit   .   a - +0 scale mail
rPois   .          Reflect  .   (helmet unavailable)
rElec   .          Harm     .   (no cloak)
rCorr   .          Rampage  .   (no gloves)
Will    ++...                   (no boots)
Stlth   ++++++++..              (no amulet)
HPRegen 0.46/turn               (no ring)
MPRegen 0.27/turn               (no ring)

@: lethally poisoned (-52 -> -78)
A: permanent stasis, dig shafts and tunnels, antennae 3, four strong arms
a: Dig, Renounce Religion, Minor Destruction, Lesser Servant of Makhleb, Major
Destruction, Greater Servant of Makhleb


You were in the Dungeon.
You worshipped Makhleb.
Makhleb was exalted by your worship.
You visited 1 branch

Inventory:

Hand Weapons
 g - the +∞ Axe of Woe (weapon)
   (You found it in the Dungeon)
Armour
 a - a +0 scale mail (worn)
 b - a +0 buckler (worn)
Potions
 c - a potion of might
 d - a potion of curing
 e - a potion of heal wounds
 f - 2 potions of magic


   Skills:
 O Level 27 Fighting
 + Level 14.0(16.0) Short Blades
 + Level 12.6(15.3) Long Blades
 O Level 27 Axes
 + Level 12.6(22.5) Maces & Flails
 + Level 12.6(22.5) Polearms
 + Level 12.6(16.6) Staves
 + Level 12.6 Ranged Weapons
 + Level 14.0 Throwing
 O Level 27 Armour
 O Level 27 Dodging
 O Level 27 Stealth
 O Level 27 Shields
 O Level 27 Unarmed Combat
 + Level 14.0 Spellcasting
 + Level 12.9 Conjurations
 + Level 16.5 Hexes
 + Level 14.0 Summonings
 + Level 14.1 Necromancy
 + Level 12.9 Translocations
 + Level 15.2 Transmutations
 + Level 14.0 Fire Magic
 + Level 14.0 Ice Magic
 + Level 11.9 Air Magic
 + Level 16.5 Earth Magic
 + Level 17.9 Poison Magic
 + Level 16.5 Invocations
 + Level 15.2 Evocations


You had 50 spell levels left.
You didn't know any spells.
Your spell library was empty.

Dungeon Overview and Level Annotations

Branches:
Dungeon (1/1)

Altars:
Makhleb


Innate Abilities, Weirdness & Mutations

You cannot be hasted, slowed, berserked, paralysed or teleported.
You can dig through walls and to a lower floor.
You have a pair of large antennae on your head. (SInv)
Your four strong arms can wield two-handed weapons with a shield.


Message History

You hear a grinding noise.
You hear a shout! x23
You hear a grinding noise.
You hear a shout! x40
You hear a roar! x2
You hear a shout! x13; You hear an angry hiss.
You hear a shout! x7; You hear a grinding noise.
You hear a shout!
A tyrant comes into view.
The tyrant gestures wildly while chanting.
You see a puff of smoke. x3
You hear a shout!
You hear an angry hiss.
A vile comes into view. It is wielding a +0 mace.
Press: ? - help, v - describe, . - travel The floor.
A scourge and an eight-headed meat hydra come into view.
The eight-headed meat hydra roars!
You hear a shout! x2
The vile throws miasma at you. The foul vapour engulfs you!!!
You are poisoned.
Your stasis prevents you from being slowed.
You hear a shout! x9
An observer comes into view.
A meat berserker comes into view. It is wielding a +9 battleaxe.
The tyrant casts a spell.
The tyrant seems to speed up.
You hear a shout! x2
The eight-headed meat hydra calls on the powers of darkness!
The eight-headed meat hydra convulses!
The observer convulses!
The meat berserker convulses!
Your body is wracked with pain!
You hear a shout!
The scourge moves out of view.
A meat beast comes into view.
A scourge comes into view.
You are engulfed in dark miasma.
You are more poisoned.
You feel extremely sick.
You hear a shout!
The vile barely misses you.
You hear a shout! x14
The vile hits you with a +0 mace!
You are engulfed in flames!!!!
Ouch! That really hurt!
You die... ##.......{.......# ########..###### SDS2

#.L# ##G.#
#.##O####
##..#.#.##
###.#9#.##
##.#@#○##
▓▓▓#°#)#
##○## ##○#
#○# #○#
#○# ##


You could see a tyrant (fast), an eight-headed meat hydra, an observer (fast,
invisible), 2 scourges, a vile (fast) and a meat berserker (berserk).

Vanquished Creatures
  3 vampire knights (D)
  15 ogres (D)
  6 two-headed ogres (D)
  A hydra (D)
  29 orcs (D)
  A sea snake (D)
55 creatures vanquished.

Vanquished Creatures (others)
  A two-headed ogre (D)
1 creature vanquished.

Grand Total: 56 creatures vanquished

Notes
Turn   | Place    | Note
-------+----------+-------------------------------------------
     0 | D        | Found the +∞ Axe of Woe
     0 | D        | Jod the Formicid Fighter began the quest for the Orb.
     0 | D        | Reached XP level 1. HP: 18/18 MP: 1/1
     1 | D        | Noticed a bag of meat
     1 | D        | Noticed a bag of meat
     1 | D        | Noticed a bag of meat
     3 | D        | Became a worshipper of Makhleb the Destroyer
     3 | D        | Noticed a bag of meat
     5 | D        | Noticed a meat berserker
     5 | D        | Noticed a bag of meat
     5 | D        | Noticed a bag of meat
     6 | D        | Killed a bag of meat
     6 | D        | Noticed a meat berserker
     7 | D        | Reached XP level 2. HP: 24/24 MP: 2/2
     7 | D        | Reached XP level 3. HP: 29/29 MP: 3/3
     7 | D        | Reached XP level 4. HP: 35/35 MP: 4/4
     7 | D        | Reached XP level 5. HP: 41/41 MP: 5/5
     7 | D        | Reached XP level 6. HP: 47/47 MP: 6/6
     7 | D        | Reached XP level 7. HP: 52/52 MP: 7/7
     7 | D        | Reached XP level 8. HP: 58/58 MP: 8/8
     7 | D        | Reached XP level 9. HP: 64/64 MP: 9/9
     7 | D        | Reached XP level 10. HP: 70/70 MP: 10/10
     7 | D        | Reached XP level 11. HP: 75/75 MP: 11/11
     7 | D        | Noticed a bag of meat
     8 | D        | Killed a bag of meat
     8 | D        | Reached * piety under Makhleb
     8 | D        | Killed a bag of meat
     8 | D        | Killed a meat berserker
     8 | D        | Noticed a bag of meat
     8 | D        | Noticed a bag of meat
     9 | D        | Reached skill level 27 in Axes
     9 | D        | Reached skill level 15 in Stealth
     9 | D        | Reached XP level 12. HP: 105/105 MP: 12/12
     9 | D        | Reached XP level 13. HP: 111/111 MP: 13/13
     9 | D        | Reached XP level 14. HP: 118/118 MP: 14/14
     9 | D        | Killed a bag of meat
     9 | D        | Reached ** piety under Makhleb
     9 | D        | Killed a bag of meat
     9 | D        | Noticed a bag of meat
     9 | D        | Noticed a bag of meat
    11 | D        | Noticed a bag of meat
    11 | D        | Noticed a bag of meat
    11 | D        | Noticed a meat berserker
    12 | D        | Killed a bag of meat
    12 | D        | Killed a bag of meat
    12 | D        | Reached *** piety under Makhleb
    12 | D        | Killed a meat berserker
    13 | D        | Reached XP level 15. HP: 139/139 MP: 15/15
    14 | D        | Noticed a meat berserker
    14 | D        | Noticed a meat berserker
    15 | D        | Reached **** piety under Makhleb
    16 | D        | Reached XP level 16. HP: 150/150 MP: 16/16
    17 | D        | Reached XP level 17. HP: 162/162 MP: 17/17
    17 | D        | Noticed a large bag of meat
    19 | D        | Noticed a large bag of meat
    19 | D        | Reached ***** piety under Makhleb
    19 | D        | Killed a meat berserker
    19 | D        | Noticed a meat berserker
    20 | D        | Reached skill level 27 in Stealth
    20 | D        | Noticed a meat berserker
    20 | D        | Killed a meat berserker
    20 | D        | Killed a meat berserker
    21 | D        | Reached skill level 27 in Fighting
    21 | D        | Reached skill level 27 in Armour
    21 | D        | Reached XP level 18. HP: 182/182 MP: 18/18
    21 | D        | Noticed a meat berserker
    21 | D        | Noticed a meat berserker
    22 | D        | Noticed a large bag of meat
    22 | D        | Noticed a large bag of meat
    23 | D        | Noticed a large bag of meat
    24 | D        | Killed a large bag of meat
    24 | D        | Killed a large bag of meat
    24 | D        | Killed a meat berserker
    24 | D        | Reached ****** piety under Makhleb
    24 | D        | Noticed a meat berserker
    25 | D        | Reached skill level 27 in Dodging
    25 | D        | Reached skill level 27 in Shields
    25 | D        | Reached XP level 19. HP: 122/189 MP: 19/19
    25 | D        | Noticed a destroyer
    25 | D        | Noticed a meat berserker
    26 | D        | Killed a large bag of meat
    27 | D        | Reached skill level 27 in Unarmed Combat
    27 | D        | Reached XP level 20. HP: 135/197 MP: 20/20
    27 | D        | Noticed a meat berserker
    28 | D        | Noticed a large bag of meat
    28 | D        | Killed a meat berserker
    29 | D        | Reached skill level 5 in Hexes
    29 | D        | Reached skill level 5 in Transmutations
    29 | D        | Reached skill level 5 in Earth Magic
    29 | D        | Reached skill level 5 in Invocations
    29 | D        | Reached skill level 5 in Evocations
    29 | D        | Killed a meat berserker
    30 | D        | Reached skill level 5 in Long Blades
    30 | D        | Reached skill level 5 in Maces & Flails
    30 | D        | Reached skill level 5 in Polearms
    30 | D        | Reached skill level 5 in Staves
    30 | D        | Reached skill level 5 in Ranged Weapons
    30 | D        | Reached skill level 5 in Conjurations
    30 | D        | Reached skill level 5 in Translocations
    30 | D        | Reached skill level 5 in Air Magic
    30 | D        | Reached XP level 21. HP: 204/204 MP: 20/30
    30 | D        | Killed a meat berserker
    30 | D        | Killed a meat berserker
    30 | D        | Noticed a meat berserker
    31 | D        | Reached skill level 10 in Hexes
    31 | D        | Reached skill level 10 in Earth Magic
    31 | D        | Reached skill level 10 in Poison Magic
    31 | D        | Reached skill level 10 in Invocations
    32 | D        | Killed a meat berserker
    32 | D        | Killed a large bag of meat
    32 | D        | Noticed a large bag of meat
    33 | D        | Reached skill level 10 in Transmutations
    33 | D        | Reached skill level 10 in Evocations
    33 | D        | Reached XP level 22. HP: 178/212 MP: 20/35
    33 | D        | Noticed a meat berserker
    33 | D        | Noticed an eight-headed meat hydra
    33 | D        | Noticed a destroyer
    34 | D        | Killed a large bag of meat
    35 | D        | Reached skill level 10 in Short Blades
    35 | D        | Reached skill level 10 in Throwing
    35 | D        | Reached skill level 10 in Spellcasting
    35 | D        | Reached skill level 10 in Summonings
    35 | D        | Reached skill level 10 in Necromancy
    35 | D        | Reached skill level 10 in Fire Magic
    35 | D        | Reached skill level 10 in Ice Magic
    36 | D        | Killed a destroyer
    36 | D        | Killed a meat berserker
    36 | D        | Noticed a destroyer
    37 | D        | Reached skill level 10 in Long Blades
    37 | D        | Reached skill level 10 in Maces & Flails
    37 | D        | Reached skill level 10 in Polearms
    37 | D        | Reached skill level 10 in Staves
    37 | D        | Reached skill level 10 in Ranged Weapons
    37 | D        | Reached skill level 10 in Conjurations
    37 | D        | Reached skill level 10 in Translocations
    37 | D        | Reached skill level 10 in Air Magic
    37 | D        | Reached skill level 15 in Poison Magic
    38 | D        | Killed a meat berserker
    39 | D        | Reached XP level 23. HP: 38/219 MP: 21/39
    41 | D        | Killed a destroyer
    41 | D        | Killed a large bag of meat
    41 | D        | Killed a large bag of meat
    42 | D        | Reached skill level 15 in Hexes
    42 | D        | Reached skill level 15 in Earth Magic
    42 | D        | Reached skill level 15 in Invocations
    43 | D        | Killed a destroyer
  1402 | D        | Reached skill level 15 in Transmutations
  1402 | D        | Reached skill level 15 in Evocations
  2269 | D        | Noticed a tyrant
  2269 | D        | Noticed a vile
  2270 | D        | Noticed a meat beast
  2270 | D        | Annihilated by a vile

Illustrated notes

Levels and vault maps discovered:
D:        meatsprint

Skill      XL: |  1  2  3  4  5  6  7  8  9 10 11 12 13 14 15 16 17 18 19 20 21 22 23 |
---------------+----------------------------------------------------------------------+-----
Axes           | 24 27 | 27.0
Fighting       | 13 19 20 22 27 | 27.0
Armour         | 13 19 20 22 27 | 27.0
Dodging        | 11 16 17 19 25 27 | 27.0
Stealth        | 15 22 24 26 27 | 27.0
Shields        | 27 | 27.0
Unarmed Combat | 17 27 | 27.0
Short Blades   | 6 9 12 14 | 14.0
Long Blades    | 5 8 10 12 | 12.6
Maces & Flails | 5 8 10 12 | 12.6
Polearms       | 5 8 10 12 | 12.6
Staves         | 5 8 10 12 | 12.6
Ranged Weapons | 5 8 10 12 | 12.6
Throwing       | 6 9 12 14 | 14.0
Spellcasting   | 6 9 12 14 | 14.0
Conjurations   | 5 8 11 12 | 12.9
Hexes          | 7 11 14 16 | 16.5
Summonings     | 6 9 12 14 | 14.0
Necromancy     | 6 9 12 14 | 14.1
Translocations | 5 8 11 12 | 12.9
Transmutations | 6 10 13 15 | 15.2
Fire Magic     | 6 9 12 14 | 14.0
Ice Magic      | 6 9 12 14 | 14.0
Air Magic      | 5 8 10 11 | 11.9
Earth Magic    | 7 11 14 16 | 16.5
Poison Magic   | 8 12 15 17 | 17.9
Invocations    | 7 11 14 16 | 16.5
Evocations     | 6 10 13 15 | 15.2

Action                   |  1- 3 |  4- 6 |  7- 9 | 10-12 | 13-15 | 16-18 | 19-21 | 22-24 || total
-------------------------+-------+-------+-------+-------+-------+-------+-------+-------++-------
Melee: Executioner's axe |     1 |       |       |     1 |     3 |     4 |     5 |     9 ||    23
 Abil: Dig               |       |       |       |       |       |       |       |     2 ||     2
 Stab: Distracted        |       |       |       |       |       |       |       |     1 ||     1
Dodge: Dodged            |       |       |       |     1 |       |     2 |     2 |     3 ||     8
